 Dungeon Crawl Stone Soup version 0.30.1-9-gdf580d7c3d (webtiles) character file.

Game seed: 9478847011540247522

84 KittyFluff the Cudgeller (level 4, 0/43 HPs)
             Began as a Gargoyle Berserker on Oct 16, 2023.
             Was a Believer of Trog.
             Killed by nerve-wracking pain
             ... invoked by an orc priest
              (5 damage)
             ... on level 3 of the Dungeon.
             The game lasted 00:06:57 (1757 turns).

KittyFluff the Cudgeller (Gargoyle Berserker)       Turns: 1757, Time: 00:06:58

Health: 0/43       AC:  7    Str: 28    XL:     4   Next: 46%
Magic:  4/4        EV: 11    Int:  8    God:    Trog [**....]
Gold:   137        SH:  0    Dex:  9    Spells: 3/3 levels left

rFire   . . .        a - +0 mace
rCold   + . .        (no shield)
rNeg    + . .        r - +0 leather armour
rPois   ∞            (no helmet)
rElec   +            (no cloak)
rCorr   .            (no gloves)
SInv    .            (no boots)
Will    .....        (no amulet) Stlth
                     e - +6 ring of strength
HPRegen 0.27/turn    g - ring of protection from cold
MPRegen 0.09/turn

%: no passive effects
@: berserking, very quick
A: sickness immunity, AC +3, negative energy resistance 1, electricity
resistance, torment resistance 1, petrification resistance
a: Renounce Religion, Berserk, Trog's Hand


You were on level 3 of the Dungeon.
You worshipped Trog.
Trog was pleased with you.
You visited 1 branch of the dungeon, and saw 3 of its levels.

You collected 137 gold pieces.

Inventory:

Hand Weapons
 a - a +0 mace (weapon)
 b - a +0 arbalest
 s - a +0 sling
Missiles
 p - 4 poisoned darts (quivered)
Armour
 r - a +0 leather armour (worn)
Jewellery
 e - a +6 ring of strength (left hand)
 g - a ring of protection from cold (right hand)
Wands
 m - a wand of iceblast (5)
 w - a wand of charming (7)
Scrolls
 h - a scroll of fear {unknown}
 j - a scroll of poison {unknown}
 l - a scroll of enchant weapon {unknown}
 n - 2 scrolls of magic mapping {unknown}
 o - a scroll of blinking {unknown}
 t - 2 scrolls of teleportation {unknown}
 v - a scroll of fog {unknown}
 x - a scroll of amnesia {unknown}
Potions
 c - 2 potions of flight {unknown}
 d - 2 potions of haste
 f - 4 potions of heal wounds {unknown}
 i - a potion of invisibility {unknown}
 k - 2 potions of brilliance {unknown}
 q - a potion of curing {unknown}
 u - a potion of berserk rage {unknown}
 z - a potion of ambrosia {unknown}


   Skills:
 + Level 3.8 Fighting
 * Level 3.8 Maces & Flails
 * Level 3.2 Armour
 + Level 2.1 Dodging


You had 3 spell levels left.
You didn't know any spells.
Your spell library was empty.

Dungeon Overview and Level Annotations

Branches:
Dungeon (3/15)

Altars:


Innate Abilities, Weirdness & Mutations

You are immune to sickness and miasma.
Your stone body is resilient. (AC +3)
You are immune to poison.
You resist negative energy. (rN+)
You are resistant to electric shocks. (rElec)
You are resistant to unholy torment.
You are immune to petrification.


Message History

You kill the orc!
Trog accepts your kill.
The orc drinks a potion.
The orc seems to speed up.
The orc priest looks encouraged for a moment.
You barely miss the orc priest.
The orc priest calls down the wrath of Beogh upon you.
Pain shoots through your body!
You barely miss the orc priest.
The orc priest casts a cantrip, but nothing happens.
You sock the orc priest!
The orc priest is severely wounded.
The orc priest hits you with a +0 club.
A red film seems to cover your vision as you go berserk!
You feel yourself moving faster!
You feel mighty! The orc priest hits you with a +0 club.
* * * LOW HITPOINT WARNING * * *
You hit the orc priest.
The orc priest is almost dead.
The orc priest calls down the wrath of Beogh upon you.
Pain shoots through your body!
* * * LOW HITPOINT WARNING * * *
You barely miss the orc priest.
The orc priest is almost dead.
The orc priest miscasts a cantrip.
You barely miss the orc priest.
The orc priest is almost dead.
The orc priest hits you with a +0 club.
* * * LOW HITPOINT WARNING * * *
You barely miss the orc priest.
The orc priest is almost dead.
You barely miss the orc priest.
The orc priest is almost dead.
The orc priest invokes the aid of Beogh against you.
Pain shoots through your body!
* * * LOW HITPOINT WARNING * * *
You barely miss the orc priest.
The orc priest is almost dead.
The orc priest invokes the aid of Beogh against you.
Pain shoots through your body!
You die...

#......[...###†.#####.....
##.#######......## ###..#..
####..#######....#.####.......
...)..>.......#...........##†.
..............................
..........##.......#########..
.................######### #..
.......†....##......#....# #..
####....##.oo@....#......# #..
#....o..########.........###..
...#.#### ######.....####
..... #......... ~.o.
#....####. ~~~ ###### #. .~.
## #


You could see an orc priest and an orc (fast).

Vanquished Creatures
  3 adders
  2 dart slugs (D:1)
  3 orcs (D:3)
  6 ball pythons
  4 bats
  4 endoplasms
  3 giant cockroaches
  2 goblins (D:1)
  2 hobgoblins (D:3)
  6 kobolds
  3 quokkas
  6 frilled lizards
  6 rats
50 creatures vanquished.

Notes
Turn   | Place    | Note
-------+----------+-------------------------------------------
     0 | D:1      | KittyFluff the Gargoyle Berserker began the quest for the
                  | Orb.
     0 | D:1      | Reached XP level 1. HP: 14/14 MP: 1/1
   161 | D:1      | Reached XP level 2. HP: 13/19 MP: 2/2
   359 | D:1      | Reached ** piety under Trog
   369 | D:1      | Reached XP level 3. HP: 20/23 MP: 3/3
  1550 | D:3      | Reached XP level 4. HP: 27/29 MP: 4/4
  1757 | D:3      | Killed from afar by an orc priest

Illustrated notes

Levels and vault maps discovered:
D:1:      dpeg_arrival_lava_altar, layout_basic, minmay_hexomino_c4
D:2:      cheibrodos_helix_gallery, layout_loops_corners
D:3:      layout_rooms, dk_vineyard_3

Skill      XL: |  1  2  3 |
---------------+----------+-----
Dodging        | 2 |  2.1
Armour         | 3 |  3.2
Fighting       | |  3.8
Maces & Flails | |  3.8

Action                     |  1- 3 |  4- 6 || total
---------------------------+-------+-------++-------
  Melee: Mace              |   132 |    46 ||   178
         Punch             |     1 |     1 ||     2
 Invoke: Berserk           |       |     1 ||     1
 Armour: Animal skin       |    46 |       ||    46
         Leather armour    |    15 |    17 ||    32
  Dodge: Dodged            |   103 |    20 ||   123
